 Dungeon Crawl Stone Soup version 0.27.1-16-g815e20cd7a (webtiles) character file.

Game seed: 15755087407069955212

26 DenSaoPin the Chopper (level 3, 0/31 HPs)
             Began as a Hill Orc Monk on Nov 22, 2021.
             Slain by a gnoll (6 damage)
             ... on level 2 of the Dungeon.
             The game lasted 00:03:57 (1082 turns).

DenSaoPin the Chopper (Hill Orc Monk)               Turns: 1082, Time: 00:03:58

Health: 0/31       AC:  8    Str: 14    XL:     3   Next: 8%
Magic:  0/3        EV:  6    Int: 10    God:
Gold:   7          SH:  0    Dex: 13    Spells: 2/2 levels left

rFire    . . .     SeeInvis .   g - +4 hand axe
rCold    . . .     Faith    .   (no shield)
rNeg     . . .     Spirit   +   c - +0 chain mail
rPois    .         Reflect  .   (no helmet)
rElec    .         Harm     .   (no cloak)
rCorr    .         Rampage  .   (no gloves)
Will     .....                  (no boots)
Stlth    ..........             f - amulet of guardian spirit
HPRegen  0.10/turn              (no ring)
MPRegen  0.08/turn              (no ring)

@: no status effects
A: no striking features
a: no special abilities


You were on level 2 of the Dungeon.
You visited 1 branch of the dungeon, and saw 2 of its levels.

You collected 7 gold pieces.

Inventory:

Hand Weapons
 a - a +0 hand axe
 g - a +4 hand axe (weapon)
Armour
 b - a +0 robe
 c - a +0 chain mail (worn)
Jewellery
 f - an amulet of guardian spirit (around neck)
Scrolls
 d - 2 scrolls of noise {unknown}
 h - a scroll of blinking {unknown}
 i - a scroll of amnesia {unknown}
 j - 3 scrolls of identify {unknown}
 k - a scroll of magic mapping {unknown}
Potions
 e - a potion of brilliance {unknown}
 l - a potion of invisibility {unknown}


   Skills:
 - Level 3.6 Fighting
 + Level 4.8 Axes
 + Level 1.9 Armour
 - Level 2.4 Dodging
 - Level 1.5 Stealth


You had 2 spell levels left.
You didn't know any spells.
Your spell library contained the following spells:

 Spells                   Type           Power      Damage    Failure   Level
 Animate Skeleton         Necr           0%         N/A       100%        1
 Pain                     Necr           0%         1d4       100%        1
 Vampiric Draining        Necr           0%         2d6       100%        3


Dungeon Overview and Level Annotations

Branches:
Dungeon (2/15)

Altars:


Message History

Where to? (Enter - D:1 @ (x,y), ? - help)
There is a stone staircase leading down here.
You climb downwards.
Found an amethyst potion and a short sword.
There is a stone staircase leading up here.
l - an amethyst potion
Found an escape hatch in the ceiling.
A rat and a gnoll come into view.
The gnoll shouts! 2 gnolls come into view.
The gnoll shouts! x2
A quokka comes into view.
A gnoll comes into view. It is wielding a +0 club.
The gnoll shouts!
Unknown command.
The quokka twitches its whiskers.
There is a stone staircase leading up here.
You hit the rat.
The rat is moderately wounded.
The rat barely misses you. The gnoll hits you but does no damage.
You hit the rat.
You kill the rat!
The gnoll closely misses you.
The gnoll hits you from afar with a +0 halberd.
You closely miss the quokka. The gnoll barely misses you. x2
The quokka twitches its whiskers.
The quokka barely misses you.
You barely miss the quokka. The quokka closely misses you.
The gnoll hits you from afar with a +0 halberd.
The gnoll closely misses you.
You hit the quokka.
The quokka is moderately wounded.
The quokka bites you but does no damage.
The gnoll hits you from afar with a +0 halberd!
The gnoll hits you from afar with a +0 halberd.
The quokka bites you.
The gnoll hits you from afar with a +0 halberd!
* * * LOW HITPOINT WARNING * * *
The gnoll hits you from afar with a +0 halberd.
You die...

. #####. ##.....
##......
###########.......
#........#........
#.gg..............
#@rg.....##.......
#..g...).##.......
############...<..
##..... ######


You could see 4 gnolls and a quokka.

Vanquished Creatures
  A ball python (D:1)
  6 endoplasms (D:1)
  2 giant cockroaches (D:1)
  4 goblins (D:1)
  A hobgoblin (D:1)
  2 kobolds (D:1)
  A quokka (D:1)
  2 bats (D:1)
  2 frilled lizards (D:1)
  2 rats
23 creatures vanquished.

Notes
Turn   | Place    | Note
-------+----------+-------------------------------------------
     0 | D:1      | DenSaoPin the Hill Orc Monk began the quest for the Orb.
     0 | D:1      | Reached XP level 1. HP: 19/19 MP: 1/1
   218 | D:1      | Reached skill level 1 in Armour
   218 | D:1      | Reached XP level 2. HP: 18/26 MP: 2/2
   714 | D:1      | Reached XP level 3. HP: 30/31 MP: 3/3
   956 | D:1      | Found a faded altar of an unknown god.
  1082 | D:2      | Slain by a gnoll

Illustrated notes

Levels and vault maps discovered:
D:1:      noname_arrival_rooms_in_the_neighbourhood, layout_basic,
          basic_ecumenical_altar, minmay_cupped
D:2:      layout_rooms, basic_altar, chequers_serial_rivers_small_3

Skill      XL: |  1 |
---------------+----+-----
Armour         | 1 |  1.9
Fighting       | |  3.6
Axes           | |  4.8
Dodging        | |  2.4
Stealth        | |  1.5

Action                   || total
-------------------------++-------
Melee: Hand axe          ||    74
Armor: Chain mail        ||    50
Dodge: Dodged            ||    26
